 Dungeon Crawl Stone Soup version 0.22-a0-512-g0943f25 (webtiles) character file.

48 epen the Poker (level 3, -4/30 HPs)
             Began as a Merfolk Monk on June 19, 2018.
             Killed from afar by Sigmund (8 damage)
             ... with a magic dart
             ... on level 2 of the Dungeon.
             The game lasted 00:02:10 (950 turns).

epen the Poker (Merfolk Monk)                        Turns: 950, Time: 00:02:11

Health: -4/30      AC:  5    Str: 12    XL:     3   Next: 72%
Magic:  3/3        EV: 18    Int:  7    God:
Gold:   45         SH:  0    Dex: 21    Spells: 2/2 levels left

rFire    . . .     SeeInvis .   f - +1 dagger (protect)
rCold    . . .     Gourm    .   (no shield)
rNeg     . . .     Faith    .   d - +0 ring mail
rPois    .         Spirit   .   (no helmet)
rElec    .         Reflect  .   (no cloak)
rCorr    .         Harm     .   (no gloves)
MR       .....                  (no boots)
Stlth    +++.......             (no amulet)
HPRegen  0.10/turn              (no ring)
MPRegen  0.08/turn              (no ring)

@: agile
A: change form in water, swift swim, stealthy swim, dopey 1, screaming 1,
evolution 1
a: no special abilities


You were on level 2 of the Dungeon.
You were not hungry.

You visited 1 branch of the dungeon, and saw 2 of its levels.

You collected 45 gold pieces.

Inventory:

Hand Weapons
 a - a +0 spear
 f - a +1 dagger of protection (weapon)
Armour
 b - a +0 robe
 d - a +0 ring mail (worn)
Comestibles
 c - a ration


   Skills:
 + Level 3.7 Fighting
 * Level 5.4 Polearms
 + Level 0.8 Armour
 + Level 4.5 Dodging
 - Level 2.1 Stealth


You had 2 spell levels left.
You didn't know any spells.
Your spell library was empty.

Dungeon Overview and Level Annotations

Branches:
Dungeon (2/15)

Altars:

Annotations:
D:2 Sigmund


Innate Abilities, Weirdness & Mutations

You revert to your normal form in water.
You are very nimble and swift while swimming.
You are very stealthy in the water. (Stealth+)
You are dopey. (Int -2)
You occasionally shout uncontrollably at your foes.
You evolve.


Message History

Something hits you. Something barely misses you.
You hit something but do no damage.
Your weapon exudes an aura of protection.
You miss something. Something barely misses you.
You hit something but do no damage. Something barely misses you.
You hit something. You closely miss something. Something hits you.
* * * LOW HITPOINT WARNING * * *
You hit something. Something hits you but does no damage.
You hit something. You barely miss something. Something completely misses you.
You aren't carrying any potions.
As you read the scroll labeled NIESCH INWOK, it crumbles to dust.
The creatures around you are filled with an inner flame!
It was a scroll of immolation.
Something hits you.
* * * LOW HITPOINT WARNING * * *
A magic dart appears from out of thin air!
The magic dart hits you!
You die...

##.....## #.......# #(......#
#.......# ##.....## #######
##########....>..# #.....#
.....#...#.......# #.....#
#...#†##.........####.....#.#
..†###.#........@..{w.......#
#...# #........######.....##
##.#.###.#......$ #.....#
#?##.#..#.#..###. .........
#.. #..##.##.# ##........
#########.##.# ..####### .# #
.## # . # ..


You could see a worm (inner flame).

Vanquished Creatures
  An adder (D:2)
  2 worms (D:2)
  A leopard gecko (D:1)
  4 bats (D:1)
  4 giant cockroaches
  2 hobgoblins (D:1)
  7 kobolds (D:1)
  A ball python (D:1)
  2 frilled lizards (D:1)
  5 goblins
  3 rats
32 creatures vanquished.

Notes
Turn   | Place    | Note
-------+----------+-------------------------------------------
     0 | D:1      | epen the Merfolk Monk began the quest for the Orb.
     0 | D:1      | Reached XP level 1. HP: 18/18 MP: 1/1
   100 | D:1      | Reached XP level 2. HP: 24/24 MP: 2/2
   365 | D:1      | Reached skill level 5 in Polearms
   508 | D:1      | Reached XP level 3. HP: 29/29 MP: 3/3
   778 | D:2      | Noticed Sigmund
   927 | D:2      | Gained mutation: You are dopey. (Int -2) [potion of mutation]
   927 | D:2      | Gained mutation: You occasionally shout uncontrollably at your foes. [potion of mutation]
   927 | D:2      | Gained mutation: You evolve. [potion of mutation]
   950 | D:2      | Killed from afar by Sigmund

Vault maps used:
D:1:      dpeg_arrival_arbitrary_b
D:2:      nicolae_ashenzari_panopticon, minmay_tripent, uniq_sigmund,
          uniq_terence

Skill      XL: |  1  2 |
---------------+-------+-----
Polearms       | 5 |  5.4
Fighting       | |  3.7
Armour         | |  0.8
Dodging        | |  4.5
Stealth        | |  2.1

Action                   || total
-------------------------++-------
Melee: Spear             ||    28
       Dagger            ||   135
  Use: Potion            ||     4
       Scroll            ||     1
 Stab: Sleeping          ||     5
Armor: Robe              ||    18
       Ring mail         ||    41
Dodge: Dodged            ||   128

Table legend:
 A = Spawn XP
 B = Non-spawn XP
 C = Spawn XP percentage of total XP
 D = Spawn monster count
 E = Non-spawn monster count
 F = Spawn count percentage of total count
 G = Total turns spent on level
                    A         B        C        D         E        F      G
               +---------+---------+-------+---------+---------+-------+---------
         Total |       0 |      69 |   0.0 |       0 |      32 |   0.0 |   950
               +---------+---------+-------+---------+---------+-------+---------
           D:1 |       0 |      42 |   0.0 |       0 |      26 |   0.0 |   726
           D:2 |       0 |      27 |   0.0 |       0 |       6 |   0.0 |   224
               +---------+---------+-------+---------+---------+-------+---------
